 Dungeon Sprint DCSS version bcrawl-1.15.1 (webtiles) character file.

Game seed: 13304573556274375830

260 Kerapac the Fighter (level 6, 65/67 HPs)
             Began as a Hill Orc Archaeologist on Oct 3, 2019.
             Quit the game in the Dungeon (Sprint I: "Red Sonja").
             The game lasted 00:02:05 (397 turns).

Kerapac the Fighter (Hill Orc Archaeologist)         Turns: 397, Time: 00:02:06

Health: 65/67      AC:  6    Str: 16    XL:     6   Next: 17%
Magic:  6/6        EV: 12    Int: 14    God:
Gold:   54         SH:  0    Dex:  9    Spells: 5/5 levels left

rFire    . . .     SeeInvis .   i - +2 dagger (venom)
rCold    . . .     Gourm    .   (no shield)
rNeg     . . .     Faith    .   b - +1 robe
rPois    .         Spirit   .   c - +1 hat
rElec    .         Reflect  .   (no cloak)
rCorr    .         Harm     .   (no gloves)
MR       .....     NoTele   +   d - +1 pair of boots
Stlth    ++........             (no amulet)
HPRegen  0.21/turn              (no ring)
MPRegen  0.10/turn              (no ring)

@: studying Bows
A: no striking features
a: no special abilities


You were in the Dungeon.
You were not hungry.

You visited 1 branch You collected 54 gold pieces.

Inventory:

Hand Weapons
 a - a +0 whip
 i - a +2 dagger of venom (weapon)
Armour
 b - a +1 robe (worn)
 c - a +1 hat (worn)
 d - a +1 pair of boots (worn)
Wands
 h - a wand of polymorph (5)
Scrolls
 m - a scroll of blinking
Potions
 k - 2 potions of magic
Books
 e - a manual of Bows
Miscellaneous
 f - an ancient crate
Comestibles
 g - a ration {!d}


   Skills:
 + Level 10.3 Fighting
   Level 10.3 Short Blades
   Level 10.3 Long Blades
   Level 10.3 Axes
   Level 10.3 Maces & Flails
   Level 10.3 Polearms
   Level 10.3 Staves
 - Level 2.4 Dodging
 - Level 2.6 Stealth
   Level 10.3 Unarmed Combat


You had 5 spell levels left.
You didn't know any spells.
Your spell library was empty.

Dungeon Overview and Level Annotations

Branches:
Dungeon (1/1)

Altars:


Message History

You now have 27 gold pieces.
You now have 54 gold pieces (gained 27).
There is an open door here.
You open the door.
Sigmund the Dreaded comes into view.
He is wielding a +0 scythe.
Evoke which item? (* to show all) (? for menu, Esc to quit)
Okay, then.
There is an open door here.
The helpless Sigmund fails to defend himself.
You impale Sigmund!!
You kill Sigmund!
Your Fighting skill gained 3 levels and is now at level 10!
You have reached level 5!
You feel stronger.
You have reached level 6!
Your experience leads to an increase in your attributes!
Increase (S)trength, (I)ntelligence, or (D)exterity?
You feel stronger.
Unknown command.
Are you sure you want to abandon this character and quit the game? (Confirm with "yes".)

#############
#<.#.)'..#@)+
#..)..#..'..#
#..#####'####
#..# #..#
#..# ####
#..# #⌠⌠#
####


There were no monsters in sight!

Vanquished Creatures
  Sigmund (D)
  An ogre (D)
  Ijyb (D)
3 creatures vanquished.

Vanquished Creatures (others)
  A gargoyle (D)
1 creature vanquished.

Grand Total: 4 creatures vanquished

Notes
Turn   | Place    | Note
-------+----------+-------------------------------------------
     0 | D        | Kerapac the Hill Orc Archaeologist began the quest for the
                  | Orb.
     0 | D        | Reached XP level 1. HP: 15/15 MP: 1/1
     1 | D        | Noticed Ijyb
    36 | D        | Killed Ijyb
    36 | D        | Reached skill level 4 in Fighting
    36 | D        | Reached XP level 2. HP: 28/28 MP: 2/2
    36 | D        | Reached XP level 3. HP: 34/34 MP: 3/3
   139 | D        | Killed a gargoyle
   157 | D        | Noticed an ogre
   174 | D        | Killed an ogre
   174 | D        | Reached skill level 7 in Fighting
   174 | D        | Reached XP level 4. HP: 11/48 MP: 4/4
   393 | D        | Noticed Sigmund
   396 | D        | Killed Sigmund
   396 | D        | Reached skill level 10 in Fighting
   396 | D        | Reached XP level 5. HP: 57/59 MP: 5/5
   396 | D        | Reached XP level 6. HP: 65/67 MP: 6/6
   397 | D        | Quit the game

Skill      XL: |  1  2  3  4 |
---------------+-------------+-----
Fighting       | 4 7 10 | 10.3
Short Blades   | | 10.3
Long Blades    | | 10.3
Axes           | | 10.3
Maces & Flails | | 10.3
Polearms       | | 10.3
Staves         | | 10.3
Dodging        | |  2.4
Stealth        | |  2.6
Unarmed Combat | | 10.3

Action                   |  1- 3 |  4- 6 || total
-------------------------+-------+-------++-------
Melee: Whip              |    26 |       ||    26
       Unarmed           |     3 |       ||     3
       Dagger            |     3 |     1 ||     4
  Use: Potion            |     4 |       ||     4
 Stab: Sleeping          |       |     1 ||     1
Armor: Skin              |    10 |       ||    10
Dodge: Dodged            |     6 |       ||     6
